 Dungeon Crawl Stone Soup version 0.31-a0-229-g1fc7ce93e2 (webtiles) character file.

Game seed: 8331935042674217495

350 qw the Shooter (level 6, -6/52 HPs)
             Began as a Minotaur Hexslinger on July 6, 2023.
             Succumbed to Blork the orc's poison
             ... on level 5 of the Dungeon.
             The game lasted 00:01:01 (2507 turns).

qw the Shooter (Minotaur Hexslinger)                Turns: 2507, Time: 00:01:01

Health: -6/52      AC:  5    Str: 13    XL:     6   Next: 33%
Magic:  6/6        EV: 11    Int: 10    God:
Gold:   190        SH:  5    Dex: 14    Spells: 6/7 levels left

rFire   . . .        Y - +2 sling (heavy)
rCold   . . .        (no shield)
rNeg    . . .        i - +0 ring mail
rPois   .            (helmet restricted)
rElec   .            a - scarf {repulsion}
rCorr   .            (no gloves)
SInv    .            (no boots)
Will    .....        o - amulet of reflection
Stlth   +            (no ring)
HPRegen 0.28/turn    (no ring)
MPRegen 0.10/turn

%: repel missiles, reflection
@: lethally poisoned (-6 -> -44)
A: horns 2, retaliatory headbutt
a: no special abilities


You were on level 5 of the Dungeon.
You visited 1 branch of the dungeon, and saw 5 of its levels.

You collected 305 gold pieces.
You spent 115 gold pieces at shops.


Innate Abilities, Weirdness & Mutations

You have a pair of horns on your head.
You reflexively headbutt those who attack you in melee.


   Skills:
 - Level 3.9 Fighting
 + Level 5.5 Ranged Weapons
 - Level 3.5 Armour
 - Level 2.1 Dodging
 - Level 1.0 Spellcasting
 - Level 2.0 Hexes


You had 6 spell levels left.
You knew the following spells:

 Your Spells              Type           Power      Damage    Failure   Level
a - Slow                  Hex            16%        N/A       30%         1

Your spell library contained the following spells:

 Spells                   Type           Power      Damage    Failure   Level
 Inner Flame              Hex/Fire       2%         N/A       80%         3
 Portal Projectile        Hex/Tloc       4%         N/A       80%         3
 Cause Fear               Hex            2%         N/A       97%         4

Inventory:

Hand Weapons
 Y - a +2 heavy sling (weapon)
Armour
 a - a scarf of repulsion (worn)
 i - a +0 ring mail (worn)
Jewellery
 o - an amulet of reflection (around neck)
Scrolls
 b - a scroll of immolation {unknown}
 g - a scroll of identify
 l - a scroll of enchant armour
Potions
 d - a potion of lignification {unknown}
 e - a potion of curing
 f - a potion of magic {unknown}
 h - a potion of experience {unknown}
 j - a potion of resistance {unknown}
 k - 2 potions of might
 m - a potion of degeneration {unknown}
 n - a potion of enlightenment {unknown}
 p - a potion of attraction {unknown}

Dungeon Overview and Level Annotations

Branches:
Dungeon (4/15)
 Temple: D:4-7

Altars:

Shops:
D:2 *:

Annotations:
D:5 Blork the orc


Message History

You shoot a sling bullet. The adder hisses angrily.
The sling bullet hits the adder!
You kill the adder!
Found a leather armour.
Found a stone staircase leading down.
Enter note:
Enter note:
Found an escape hatch in the ceiling.
Enter note:
Enter note: You now have 190 gold pieces (gained 13).
Found 7 stones.
Found an escape hatch in the floor.
A sourceless malevolence fills the Dungeon...
You fall into a shaft and drop 1 floor!
The shaft crumbles and collapses.
Waypoint 4 assigned to D:5.
Blork the orc comes into view.
He is wielding a +0 glaive of venom and carrying a wand of flame (19).
Blork the orc shouts!
Blork the orc points at you and mumbles some strange words.
The magic dart hits you.
You shoot a sling bullet.
The sling bullet barely misses Blork the orc.
You shoot a sling bullet. The sling bullet hits Blork the orc!
Blork the orc is moderately wounded.
Blork the orc hits you from afar with a +0 glaive of venom!
You are poisoned.
You shoot a sling bullet.
The sling bullet closely misses Blork the orc.
You feel extremely sick. Blork the orc barely misses you.
Blork the orc hits you from afar with a +0 glaive of venom!
You are more poisoned.
You shoot a sling bullet.
The sling bullet barely misses Blork the orc.
You feel extremely sick.
Blork the orc hits you from afar with a +0 glaive of venom!
You are more poisoned.
Blork the orc barely misses you.
You shoot a sling bullet. The sling bullet hits Blork the orc!
Blork the orc is heavily wounded.
You die...

¤ ~.~ ~.¤.
..~..## ## ~~~.
.o#.
.....##.########
........@.......
###.#.#.########
##..# #.### ..#
###


You could see Blork the orc.

Vanquished Creatures
  2 ogres (D:3)
  A hound (D:4)
  A river rat (D:3)
  6 adders
  2 worms
  2 dart slugs
  An orc (D:3)
  6 bats
  4 endoplasms
  4 giant cockroaches
  7 goblins
  8 hobgoblins
  9 jackals
  A kobold (D:2)
  3 quokkas
  6 ball pythons
  5 frilled lizards
  6 rats
74 creatures vanquished.

Notes
Turn   | Place    | Note
-------+----------+-------------------------------------------
     0 | D:1      | qw the Minotaur Hexslinger began the quest for the Orb.
     0 | D:1      | Reached XP level 1. HP: 16/16 MP: 1/1
     0 | D:1      | 0 ||| qw: Version: 0.3-a-46-gb1f654a
     0 | D:1      | 0 ||| qw: Game counter: 1243
     0 | D:1      | 0 ||| qw: Melee chars always use a shield: true
     0 | D:1      | 0 ||| qw: God list: Okawaru
     0 | D:1      | 0 ||| qw: Allow faded altars: false
     0 | D:1      | 0 ||| qw: Do Orc after clearing Dungeon:15 true
     0 | D:1      | 0 ||| qw: Do second Lair branch before Depths: true
     0 | D:1      | 0 ||| qw: Lair rune preference: random
     0 | D:1      | 0 ||| qw: Goals: Normal
     0 | D:1      | 0 ||| PLANNING D:1-11
    60 | D:1      | Reached skill level 3 in Ranged Weapons
    60 | D:1      | Reached XP level 2. HP: 23/23 MP: 2/2
   455 | D:1      | 455 ||| READING 2 scrolls labelled NOFOCV SODEN.
   456 | D:1      | 456 ||| READING 2 scrolls labelled JAMODA DEXI.
   457 | D:1      | 457 ||| DRINKING 2 purple potions.
   458 | D:1      | 458 ||| DROPPING scroll of fog.
   459 | D:1      | 459 ||| DROPPING scroll of poison.
   478 | D:2      | Reached XP level 3. HP: 29/29 MP: 3/3
   482 | D:2      | 482 ||| STAIRDANCE
   508 | D:2      | 508 ||| STAIRDANCE
   510 | D:1      | HP: 5/29 [goblin/+0 club (4)]
   706 | D:2      | Found Miev's Book Boutique.
   719 | D:2      | Reached skill level 4 in Ranged Weapons
   753 | D:2      | Found Ceum's General Store.
   765 | D:2      | 765 ||| BUYING +0 ring mail (40 gold).
   765 | D:2      | Bought a +0 ring mail for 40 gold pieces
   765 | D:2      | 765 ||| BUYING scroll of enchant weapon (75 gold).
   765 | D:2      | Bought a scroll of enchant weapon for 75 gold pieces
   765 | D:2      | 765 ||| READING scroll of enchant weapon.
   765 | D:2      | 765 ||| ENCHANTING +1 sling.
  1075 | D:2      | 1075 ||| UPGRADING to scarf of repulsion.
  1080 | D:2      | 1080 ||| UPGRADING to +0 ring mail.
  1090 | D:2      | 1090 ||| DROPPING +0 robe.
  1091 | D:2      | 1091 ||| READING 2 scrolls labelled ONISEU POLUGRU.
  1092 | D:2      | 1092 ||| READING scroll labelled HIN AGYOCW.
  1193 | D:2      | 1193 ||| READING 2 scrolls labelled QOXOET CEPE.
  1194 | D:2      | 1194 ||| DRINKING 2 clear potions.
  1195 | D:2      | 1195 ||| DROPPING potion of brilliance.
  1196 | D:2      | 1196 ||| DROPPING scroll of revelation.
  1211 | D:3      | Found a faded altar of an unknown god.
  1212 | D:3      | 1212 ||| PLANNING SEWER
  1217 | D:3      | 1217 ||| DRINKING 2 emerald potions.
  1271 | D:3      | Noticed an ogre
  1277 | D:3      | HP: 4/29 [ogre/+0 giant spiked club (11)]
  1278 | D:3      | Killed an ogre
  1279 | D:3      | Reached skill level 3 in Armour
  1279 | D:3      | Reached XP level 4. HP: 5/36 MP: 4/4
  1279 | D:3      | Reached XP level 5. HP: 6/41 MP: 5/5
  1671 | D:3      | HP: 8/41 [river rat (5)]
  1818 | D:3      | 1818 ||| RIP SEWER
  1914 | D:3      | 1914 ||| PLANNING D:1-11
  2138 | D:3      | Reached skill level 5 in Ranged Weapons
  2195 | D:3      | 2195 ||| UPGRADING to amulet of reflection.
  2200 | D:3      | 2200 ||| READING 2 scrolls labelled ZISATROQAS.
  2201 | D:3      | 2201 ||| READING scroll labelled CIUCOO GAALUO.
  2202 | D:3      | 2202 ||| DROPPING scroll of noise.
  2250 | D:4      | Noticed an ogre
  2255 | D:4      | 2255 ||| STAIRDANCE
  2257 | D:3      | Killed an ogre
  2258 | D:3      | Reached skill level 3 in Fighting
  2258 | D:3      | Reached XP level 6. HP: 24/52 MP: 6/6
  2499 | D:4      | You fall into a shaft and drop 1 floor!
  2499 | D:5      | Entered Level 5 of the Dungeon
  2502 | D:5      | Noticed Blork the orc
  2506 | D:5      | HP: 7/52 [Blork the orc/+0 glaive of venom (11)]
  2507 | D:5      | Succumbed to Blork the orc's poison

Levels and vault maps discovered:
D:1:      dpeg_arrival_simpleton_c, layout_rooms, st_stairs_10
D:2:      layout_rooms, serial_shops, shop, shop, minmay_heptomino_o4
D:3:      layout_loops_ring, nicolae_ecumenical_oubliette,
          gup_sewer_entry_bubbles, supply_closet_lemuel
D:4:      layout_loops_ring, trog_wizard
D:5:      layout_loops_ring, mainiacjoe_overflow_concentric_impassable,
          serial_shops, nicolae_shop_stone, ebering_ghost_gozag, uniq_edmund,
          uniq_blork_the_orc, uniq_crazy_yiuf_cottage

Skill      XL: |  1  2  3  4  5 |
---------------+----------------+-----
Ranged Weapons | 3 4 5 |  5.5
Fighting       | 2 3 |  3.9
Armour         | 3 |  3.5
Dodging        | |  2.1
Spellcasting   | |  1.0
Hexes          | |  2.0

Action                     |  1- 3 |  4- 6 || total
---------------------------+-------+-------++-------
   Fire: Sling             |   113 |   106 ||   219
    Use: Scroll            |     6 |     2 ||     8
         Potion            |     3 |       ||     3
 Armour: Robe              |    15 |       ||    15
         Ring mail         |       |    17 ||    17
  Dodge: Dodged            |    60 |    41 ||   101
  Block: Other             |       |     2 ||     2

Table legend:
 A = Non-vault XP
 B = Vault XP
 C = Vault XP percentage of total XP
 D = Non-vault monster count
 E = Vault monster count
 F = Vault count percentage of total count
                 A         B        C        D         E       F
            +---------+---------+-------+---------+---------+-------
      Total |     439 |      61 |  12.2 |      61 |      13 |  17.6
            +---------+---------+-------+---------+---------+-------
        D:1 |      37 |       7 |  15.9 |      21 |       3 |  12.5
        D:2 |      38 |       6 |  13.6 |      14 |       3 |  17.6
        D:3 |     281 |      48 |  14.6 |      18 |       7 |  28.0
        D:4 |      83 |       0 |   0.0 |       8 |       0 |   0.0
            +---------+---------+-------+---------+---------+-------
